 Dungeon Crawl Stone Soup version 0.30-a0-223-gcb0039aa0c (webtiles) character file.

Game seed: 7392286614936828406

56 billz999 the Sneak (level 3, -2/21 HPs)
             Began as an Octopode Earth Elementalist on Oct 9, 2022.
             Slain by an adder (3 damage)
             ... on level 2 of the Dungeon.
             The game lasted 00:03:16 (1093 turns).

billz999 the Sneak (Octopode Earth Elementalist)    Turns: 1093, Time: 00:03:16

Health: -2/21      AC:  1    Str: 13    XL:     3   Next: 97%
Magic:  1/6        EV: 13    Int: 19    God:
Gold:   59         SH:  0    Dex: 12    Spells: 5/6 levels left

rFire   . . .      SeeInvis .    (no weapon)
rCold   . . .      Faith    .    (no shield)
rNeg    . . .      Spirit   .    (helmet restricted)
rPois   .          Reflect  .    (no amulet)
rElec   .          Harm     .    h - +6 ring of strength
rCorr   .          Rampage  .    (no ring)
Will    .....                    (no ring)
Stlth   ++++......               (no ring)
HPRegen 0.23/turn                (no ring)
MPRegen 0.10/turn                (no ring)
                                 (no ring)
                                 (no ring)

@: mighty, lethally poisoned (-2 -> -4), attractive, flying
A: almost no armour, amphibious, 8 rings, camouflage 1, gelatinous body 1,
(nimble swimmer 1), tentacles
a: no special abilities


You were on level 2 of the Dungeon.
You visited 1 branch of the dungeon, and saw 2 of its levels.

You collected 59 gold pieces.

Inventory:

Armour
 i - a +0 buckler
Jewellery
 h - a +6 ring of strength (left tentacle)
Scrolls
 d - a scroll of identify {unknown}
 e - 2 scrolls of noise {unknown}
 j - a scroll of fear {unknown}
Potions
 a - a potion of magic
 c - a potion of attraction
 g - a potion of brilliance {unknown}
 k - a potion of mutation {unknown}
 l - a potion of lignification {unknown}
 m - a potion of cancellation {unknown}


   Skills:
 - Level 2.0 Dodging
 - Level 4.3 Stealth
 + Level 2.3 Shields
 - Level 0.5 Unarmed Combat
 - Level 2.0 Spellcasting
 - Level 1.0 Transmutations
 - Level 3.0 Earth Magic


You had 5 spell levels left.
You knew the following spells:

 Your Spells              Type           Power      Damage    Failure   Level
a - Sandblast             Erth           26%        2d8       4%          1

Your spell library contained the following spells:

 Spells                   Type           Power      Damage    Failure   Level
 Passwall                 Tmut/Erth      7%         N/A       11%         2
 Stone Arrow              Conj/Erth      14%        3d7       26%         3
 Inner Flame              Hex/Fire       1%         N/A       45%         3
 Petrify                  Tmut/Erth      9%         N/A       58%         4
 Cause Fear               Hex            0%         N/A       86%         4
 Discord                  Hex            0%         N/A       100%        8


Dungeon Overview and Level Annotations

Branches:
Dungeon (2/15)

Altars:


Innate Abilities, Weirdness & Mutations

You cannot wear most types of armour.
You are amphibious.
You can wear up to eight rings at the same time.
Your skin changes colour to match your surroundings (Stealth+).
Your rubbery body absorbs attacks. (AC +1, EV +1)
((You are camouflaged when in or above water. (Stealth+)))
You have tentacles for arms and can constrict up to eight enemies at once.


Message History

The frilled lizard hisses angrily.
The adder hisses angrily.
Casting: Sandblast (safe; 4% risk of failure)
Confirm with . or Enter, or press ? or * to list all spells.
Aiming: Sandblast (safe; 4% risk of failure)
Press: ? - help, Shift-Dir - straight line, f - adder
Aim: an adder (70% to hit)
The blast of sand hits the adder.
The adder is lightly wounded.
Casting: Sandblast (safe; 4% risk of failure)
Confirm with . or Enter, or press ? or * to list all spells.
Aiming: Sandblast (safe; 4% risk of failure)
Press: ? - help, Shift-Dir - straight line, f/p - adder
Aim: an adder (lightly wounded, 70% to hit)
The blast of sand hits the adder.
The adder is heavily wounded.
The adder barely misses you. The adder misses you.
You closely miss the adder. Your grab misses the adder.
Your squeeze misses the adder.
The adder is heavily wounded.
The adder completely misses you.
You miss the adder. Your grab misses the adder.
The adder is heavily wounded.
The adder bites you.
You are poisoned.
The adder poisons you! The adder bites you.
It was a potion of attraction.
You feel attractive to monsters.
You feel sick. The adder bites you.
* * * LOW HITPOINT WARNING * * *
It was a potion of flight.
You feel very buoyant.
You fly up into the air.
You feel sick. The adder bites you.
* * * LOW HITPOINT WARNING * * *
The frilled lizard bites you but does no damage.
It was a potion of might.
You feel very mighty all of a sudden.
* * * LOW HITPOINT WARNING * * *
You feel sick. The adder misses you. The frilled lizard misses you.
The adder bites you.
You die...

...... .............#
....# .............####
....## .............#..
.....#
...####........###.....#
..(# #...........).....
..#####.................
.............?...S.....#
................@l......
................[..#....
..................<....!
..................###...
........................
..#####.#....##)..###. .
..# #.#....###### ..#
#.#....# ### #.#....#


You could see an adder and a frilled lizard.

Vanquished Creatures
  An adder (D:2)
  4 dart slugs
  A ball python (D:1)
  5 endoplasms
  3 hobgoblins
  4 jackals (D:1)
  4 kobolds
  A quokka (D:1)
  2 bats
  3 frilled lizards (D:2)
  5 goblins
  2 rats (D:1)
35 creatures vanquished.

Notes
Turn   | Place    | Note
-------+----------+-------------------------------------------
     0 | D:1      | billz999 the Octopode Earth Elementalist began the quest
                  | for the Orb.
     0 | D:1      | Reached XP level 1. HP: 11/11 MP: 3/3
    53 | D:1      | Reached skill level 3 in Stealth
   137 | D:1      | Reached XP level 2. HP: 17/17 MP: 0/5
   332 | D:1      | Reached skill level 4 in Stealth
   604 | D:1      | Reached XP level 3. HP: 18/21 MP: 6/6
   683 | D:1      | Reached skill level 1 in Shields
   734 | D:1      | Found a faded altar of an unknown god.
  1093 | D:2      | HP: 1/21 [poisoned by an adder]
  1093 | D:2      | Slain by an adder

Illustrated notes

Levels and vault maps discovered:
D:1:      roderic_octagonal_star, layout_rooms,
          hellmonk_ecumenical_altar_lost_god
D:2:      layout_basic

Skill      XL: |  1  2  3 |
---------------+----------+-----
Stealth        | 3 4 |  4.3
Shields        | 2 |  2.3
Dodging        | |  2.0
Unarmed Combat | |  0.5
Spellcasting   | |  2.0
Transmutations | |  1.0
Earth Magic    | |  3.0

Action                   || total
-------------------------++-------
Melee: Unarmed           ||    31
       Tentacles         ||     5
       Constrict         ||     6
 Cast: Sandblast         ||    41
  Use: Potion            ||     3
 Stab: Sleeping          ||     2
Armor: Skin              ||     4
Dodge: Dodged            ||    39

Table legend: (Time is in decaauts)
 A = Elapsed time spent in this place.
 B = Non-inter-level travel time spent in this place.
 C = Inter-level travel time spent in this place.
 D = Time resting spent in this place.
 E = Time spent auto-exploring this place.
 F = Levels seen in this place.
 G = Mean time per level.
                   A        B        C        D        E       F      G
               +--------+--------+--------+--------+--------+-----+--------+
         Total |   1112 |   1104 |      8 |    166 |    730 |   2 |  556.0 |
       Dungeon |   1112 |   1104 |      8 |    166 |    730 |   2 |  556.0 |
               +--------+--------+--------+--------+--------+-----+--------+

Top non-repeatable levels by time:
     D:1: 856 daAuts
     D:2: 256 daAuts
